| TOP OF THE 1ST |
|
Colorado Avalanche batting - Pitching for Palm Beach Nationals : RHP Matt Crowley
|
|
Pitching: RHP Matt Crowley
|
|
|
Batting: RHB Marco Avina
|
0-0: Called Strike 0-1: Ball 1-1: Foul Ball, location: 2F 1-2: Ball 2-2: Strikes out swinging
|
|
Batting: RHB Aaron Burnet
|
0-0: Foul Ball, location: 2F 0-1: Ball 1-1: Called Strike 1-2: Strikes out swinging
|
|
Batting: LHB Bob Kaufmann
|
0-0: Called Strike 0-1: Called Strike 0-2: Ground out U3 (Groundball, 3, EV 79.4 MPH)
|
| Top of the 1st over - 0 runs, 0 hits, 0 errors, 0 left on base; Colorado 0 - Palm Beach 0 |
| BOTTOM OF THE 1ST |
|
Palm Beach Nationals batting - Pitching for Colorado Avalanche : RHP Yin-ti Shen
|
|
Pitching: RHP Yin-ti Shen
|
|
|
Batting: RHB Lou Ortman
|
0-0: Fly out, F1 (Line Drive, P, EV 70.6 MPH)
|
|
Batting: RHB Larry Myers
|
0-0: Foul Ball, location: 2F 0-1: Swinging Strike 0-2: Foul Ball, location: 2F 0-2: Ball 1-2: Strikes out swinging
|
|
Batting: LHB Ken Westfall
|
0-0: Ball 1-0: Called Strike 1-1: Ball 2-1: Foul Ball, location: 2F 2-2: Strikes out swinging
|
| Bottom of the 1st over - 0 runs, 0 hits, 0 errors, 0 left on base; Colorado 0 - Palm Beach 0 |
| TOP OF THE 2ND |
|
Colorado Avalanche batting - Pitching for Palm Beach Nationals : RHP Matt Crowley
|
|
Batting: SHB Taylor Shelton
|
0-0: SINGLE (Line Drive, 3L, EV 103.8 MPH)
|
|
Batting: LHB Tyler Twiss
|
0-0: Fly out, F5 (Popup, 5SF, EV 67.5 MPH)
|
|
Batting: LHB Rich Rauda
|
0-0: Ball 1-0: Called Strike 1-1: Called Strike 1-2: Ball 2-2: Ball 3-2: Strikes out swinging
|
|
Batting: RHB Ben Connelly
|
0-0: Called Strike Taylor Shelton steals 2nd base 0-1: Ball 1-1: Fly out, F8 (Flyball, 8RD, EV 101.2 MPH)
|
| Top of the 2nd over - 0 runs, 1 hit, 0 errors, 1 left on base; Colorado 0 - Palm Beach 0 |
| BOTTOM OF THE 2ND |
|
Palm Beach Nationals batting - Pitching for Colorado Avalanche : RHP Yin-ti Shen
|
|
Batting: LHB Dusty Jones
|
0-0: Ball 1-0: Ball 2-0: Foul Ball, location: 2F 2-1: SINGLE (Flyball, 34D, EV 89.4 MPH)
|
|
Batting: LHB Mike Trentham
|
0-0: Ball 1-0: Ball 2-0: Ball 3-0: Base on Balls Dusty Jones to second
|
|
Batting: RHB Mike Hayes
|
0-0: Called Strike 0-1: 3-RUN HOME RUN (Flyball, 7LD, EV 97.5 MPH), Distance : 375 ft
|
|
Batting: RHB Tom Lyles
|
0-0: Swinging Strike 0-1: Ball 1-1: Swinging Strike 1-2: Strikes out swinging
|
|
Batting: RHB Abdul-Ra'uf bin Maimun
|
0-0: Called Strike 0-1: Ball 1-1: Ball 2-1: Fly out, F4 (Popup, 23, EV 81.9 MPH)
|
|
Batting: RHB Trent Spivey
|
0-0: Ball 1-0: Called Strike 1-1: Foul Ball, location: 2F 1-2: Strikes out swinging
|
| Bottom of the 2nd over - 3 runs, 2 hits, 0 errors, 0 left on base; Colorado 0 - Palm Beach 3 |
| TOP OF THE 3RD |
|
Colorado Avalanche batting - Pitching for Palm Beach Nationals : RHP Matt Crowley
|
|
Batting: RHB Mike Chiquete
|
0-0: DOUBLE (Line Drive, 89D, EV 108.8 MPH)
|
|
Batting: RHB Jon Herner
|
0-0: Swinging Strike 0-1: Called Strike 0-2: Ball 1-2: Foul Ball, location: 2F 1-2: Strikes out swinging
|
|
Batting: RHB Marco Avina
|
0-0: Called Strike 0-1: Ball Mike Chiquete steals 3rd base 1-1: Called Strike 1-2: Foul Ball, location: 2F 1-2: Reached on error, E6 (Groundball, 6, EV 76.2 MPH) Mike Chiquete scores
|
|
Batting: RHB Aaron Burnet
|
0-0: Ball 1-0: Ball 2-0: SINGLE (Flyball, 5D, EV 96.9 MPH) Marco Avina to third
|
|
Batting: LHB Bob Kaufmann
|
0-0: Swinging Strike 0-1: Fly out, F8 (Flyball, 89M, EV 91.2 MPH)
|
|
Batting: SHB Taylor Shelton
|
0-0: Swinging Strike 0-1: Ball Pickoff Throw by Catcher to First - Error! E2 Marco Avina scores Aaron Burnet to second 1-1: Ball 2-1: Ball 3-1: Foul Ball, location: 2F 3-2: Base on Balls
|
|
Batting: LHB Tyler Twiss
|
0-0: Ball 1-0: Ball 2-0: Foul Ball, location: 2F 2-1: Swinging Strike 2-2: Strikes out swinging
|
| Top of the 3rd over - 2 runs, 2 hits, 2 errors, 2 left on base; Colorado 2 - Palm Beach 3 |
| BOTTOM OF THE 3RD |
|
Palm Beach Nationals batting - Pitching for Colorado Avalanche : RHP Yin-ti Shen
|
|
Batting: RHB Lou Ortman
|
0-0: SINGLE (Line Drive, 5D, EV 96.2 MPH)
|
|
Batting: RHB Larry Myers
|
0-0: Foul Ball, location: 2F 0-1: Ball 1-1: Called Strike 1-2: Foul Ball, location: 2F 1-2: DOUBLE (Flyball, 78XD, EV 109.4 MPH) Lou Ortman to third
|
|
Batting: LHB Ken Westfall
|
0-0: Foul Ball, location: 2F 0-1: Ball 1-1: SINGLE (Groundball, 4MD, EV 103.8 MPH) Lou Ortman scores Larry Myers to third
|
|
Batting: LHB Dusty Jones
|
0-0: Called Strike 0-1: Swinging Strike 0-2: Strikes out looking
|
|
Batting: LHB Mike Trentham
|
0-0: Ball 1-0: Called Strike Ken Westfall steals 2nd base 1-1: Swinging Strike 1-2: Ball 2-2: Strikes out looking
|
|
Batting: RHB Mike Hayes
|
0-0: Called Strike 0-1: Fly out, F8 (Flyball, 8LD, EV 99.4 MPH)
|
| Bottom of the 3rd over - 1 run, 3 hits, 0 errors, 2 left on base; Colorado 2 - Palm Beach 4 |
| TOP OF THE 4TH |
|
Colorado Avalanche batting - Pitching for Palm Beach Nationals : RHP Matt Crowley
|
|
Batting: LHB Rich Rauda
|
0-0: Called Strike 0-1: Ball 1-1: Ball 2-1: Foul Ball, location: 2F 2-2: Ball 3-2: Base on Balls
|
|
Batting: RHB Ben Connelly
|
0-0: Ball 1-0: DOUBLE (Line Drive, 9LS, EV 105.0 MPH) Rich Rauda to third Runner from 3rd tries for Home, throw by RF and OUT! 9-4-2
|
|
Batting: RHB Mike Chiquete
|
0-0: Called Strike 0-1: Ball 1-1: Called Strike 1-2: Ball 2-2: Strikes out swinging
|
|
Batting: RHB Jon Herner
|
0-0: Foul Ball, location: 2F 0-1: Ball 1-1: Ball 2-1: Ball Passed Ball! Ben Connelly to third 3-1: Fly out, F4 (Popup, 13S, EV 80.0 MPH)
|
| Top of the 4th over - 0 runs, 1 hit, 0 errors, 1 left on base; Colorado 2 - Palm Beach 4 |
| BOTTOM OF THE 4TH |
|
Palm Beach Nationals batting - Pitching for Colorado Avalanche : RHP Yin-ti Shen
|
|
Batting: RHB Tom Lyles
|
0-0: Called Strike 0-1: Foul Ball, location: 2F 0-2: Fly out, F7 (Flyball, 7S, EV 88.8 MPH)
|
|
Batting: RHB Abdul-Ra'uf bin Maimun
|
0-0: Foul Ball, location: 2F 0-1: Ball 1-1: Swinging Strike 1-2: Fly out, F7 (Flyball, 7, EV 79.4 MPH)
|
|
Batting: RHB Trent Spivey
|
0-0: Called Strike 0-1: Ball 1-1: Foul Ball, location: 2F 1-2: Foul Ball, location: 2F 1-2: Fly out, F9 (Flyball, 89S, EV 90.6 MPH)
|
| Bottom of the 4th over - 0 runs, 0 hits, 0 errors, 0 left on base; Colorado 2 - Palm Beach 4 |
| TOP OF THE 5TH |
|
Colorado Avalanche batting - Pitching for Palm Beach Nationals : RHP Matt Crowley
|
|
Batting: RHB Marco Avina
|
0-0: Called Strike 0-1: Swinging Strike 0-2: Foul Ball, location: 2F 0-2: Strikes out swinging
|
|
Batting: RHB Aaron Burnet
|
0-0: Swinging Strike 0-1: Ball 1-1: Ground out 5-3 (Groundball, 15, EV 80.6 MPH)
|
|
Batting: LHB Bob Kaufmann
|
0-0: Foul Ball, location: 2F 0-1: Foul Ball, location: 2F 0-2: Foul Ball, location: 2F 0-2: Strikes out swinging
|
| Top of the 5th over - 0 runs, 0 hits, 0 errors, 0 left on base; Colorado 2 - Palm Beach 4 |
| BOTTOM OF THE 5TH |
|
Palm Beach Nationals batting - Pitching for Colorado Avalanche : RHP Yin-ti Shen
|
|
Batting: RHB Lou Ortman
|
0-0: Ball 1-0: Ground out 6-3 (Groundball, 6, EV 85.6 MPH)
|
|
Batting: RHB Larry Myers
|
0-0: Ball 1-0: Ball 2-0: Called Strike 2-1: Ball 3-1: Foul Ball, location: 2F 3-2: SINGLE (Flyball, 89S, EV 90.0 MPH)
|
|
Batting: LHB Ken Westfall
|
0-0: Called Strike 0-1: Swinging Strike 0-2: Ball 1-2: Strikes out swinging
|
|
Pitching: RHP Gary Pinard
|
|
|
Batting: LHB Dusty Jones
|
0-0: Ball 1-0: Called Strike 1-1: Ball 2-1: Ball 3-1: Base on Balls Larry Myers to second
|
|
Batting: LHB Mike Trentham
|
0-0: Foul Ball, location: 2F 0-1: Foul Ball, location: 2F 0-2: Strikes out looking
|
| Bottom of the 5th over - 0 runs, 1 hit, 0 errors, 2 left on base; Colorado 2 - Palm Beach 4 |
| TOP OF THE 6TH |
|
Colorado Avalanche batting - Pitching for Palm Beach Nationals : RHP Matt Crowley
|
|
Batting: SHB Taylor Shelton
|
0-0: Ball 1-0: Swinging Strike 1-1: Swinging Strike 1-2: SINGLE (Groundball, 6D, EV 95.0 MPH)
|
|
Batting: LHB Tyler Twiss
|
0-0: SINGLE (Line Drive, 3D, EV 105.6 MPH) Taylor Shelton to second
|
|
Batting: RHB Joe Shade
|
0-0: Called Strike 0-1: Foul Ball, location: 2F 0-2: Ball 1-2: Ball 2-2: Foul Ball, location: 2F 2-2: Foul Ball, location: 2F 2-2: Foul Ball, location: 2F 2-2: Foul Ball, location: 2F 2-2: DOUBLE (Line Drive, 89XD, EV 108.8 MPH) Taylor Shelton scores Tyler Twiss to third
|
|
Pinch Hitting: RHB Brent Montagano
|
0-0: Ground out 6-3 (Groundball, 6, EV 103.1 MPH) Tyler Twiss scores
|
|
Batting: RHB Mike Chiquete
|
0-0: Ball 1-0: Ball 2-0: Ball 3-0: Called Strike 3-1: Called Strike 3-2: Reached on error, E5 (Groundball, 5, EV 85.0 MPH) Joe Shade to third
|
|
Batting: RHB Jon Herner
|
0-0: Called Strike 0-1: Ball Mike Chiquete steals 2nd base 1-1: SINGLE (Groundball, 6MD, EV 100.0 MPH) Joe Shade scores Mike Chiquete to third Runner from 3rd tries for Home, SAFE, throw by CF to home
|
|
Batting: RHB Marco Avina
|
0-0: Ball 1-0: Called Strike 1-1: Foul Ball, location: 2F 1-2: Ball 2-2: Foul Ball, location: 2F 2-2: Ball 3-2: SINGLE (Groundball, 56S, EV 63.8 MPH) (infield hit) Jon Herner to second
|
|
Pitching: RHP Ben Lowe
|
|
|
Batting: RHB Aaron Burnet
|
0-0: Ground out 6-3 (Groundball, 6MS, EV 64.4 MPH) Jon Herner to third Marco Avina to second
|
|
Batting: LHB Bob Kaufmann
|
0-0: Ball 1-0: Foul Ball, location: 2F 1-1: Reached on error, E4 (Groundball, 4, EV 86.2 MPH) Jon Herner scores Marco Avina to third
|
|
Batting: SHB Taylor Shelton
|
0-0: Called Strike 0-1: Foul Ball, location: 2F 0-2: Ball 1-2: Foul Ball, location: 2F 1-2: Ball 2-2: Foul Ball, location: 2F 2-2: Ground out 4-3 (Groundball, 4, EV 83.1 MPH)
|
| Top of the 6th over - 5 runs, 5 hits, 2 errors, 2 left on base; Colorado 7 - Palm Beach 4 |
| BOTTOM OF THE 6TH |
|
Palm Beach Nationals batting - Pitching for Colorado Avalanche : RHP Gary Pinard
|
|
Now at 2B: Taylor Shelton
|
|
|
Now at 3B: Brent Montagano
|
|
|
Now at SS: Mike Chiquete
|
|
|
Batting: RHB Mike Hayes
|
0-0: Ball 1-0: SINGLE (Flyball, 34D, EV 91.2 MPH)
|
|
Batting: RHB Tom Lyles
|
0-0: Ball 1-0: Ball 2-0: Called Strike 2-1: Foul Ball, location: 2F 2-2: Foul Ball, location: 2F 2-2: Strikes out swinging
|
|
Batting: RHB Abdul-Ra'uf bin Maimun
|
0-0: Called Strike 0-1: Swinging Strike 0-2: Ball 1-2: Ball 2-2: Grounds into double play, 6-4-3 (Groundball, 6, EV 82.5 MPH)
|
| Bottom of the 6th over - 0 runs, 1 hit, 0 errors, 0 left on base; Colorado 7 - Palm Beach 4 |
| TOP OF THE 7TH |
|
Colorado Avalanche batting - Pitching for Palm Beach Nationals : RHP Ben Lowe
|
|
Batting: LHB Tyler Twiss
|
0-0: Ball 1-0: Called Strike 1-1: SOLO HOME RUN (Flyball, 89XD, EV 111.2 MPH), Distance : 414 ft
|
|
Batting: RHB Joe Shade
|
0-0: Ball 1-0: Ball 2-0: Called Strike 2-1: Called Strike 2-2: Ball 3-2: Fly out, F9 (Flyball, 89M, EV 89.4 MPH)
|
|
Batting: RHB Brent Montagano
|
0-0: Called Strike 0-1: Ball 1-1: Ball 2-1: Swinging Strike 2-2: Foul Ball, location: 2F 2-2: Foul Ball, location: 2F 2-2: Ball 3-2: Foul Ball, location: 2F 3-2: Fly out, F7 (Flyball, 7LD, EV 86.9 MPH)
|
|
Batting: RHB Mike Chiquete
|
0-0: Ball 1-0: Foul Ball, location: 2F 1-1: SINGLE (Line Drive, 6MD, EV 96.2 MPH)
|
|
Batting: RHB Jon Herner
|
0-0: Called Strike Mike Chiquete is caught stealing 2nd base 2-4
|
| Top of the 7th over - 1 run, 2 hits, 0 errors, 0 left on base; Colorado 8 - Palm Beach 4 |
| BOTTOM OF THE 7TH |
|
Palm Beach Nationals batting - Pitching for Colorado Avalanche : RHP Gary Pinard
|
|
Batting: RHB Trent Spivey
|
0-0: Ground out 3-1 (Groundball, 13, EV 88.8 MPH)
|
|
Batting: RHB Lou Ortman
|
0-0: Ball 1-0: Foul Ball, location: 2F 1-1: Called Strike 1-2: Ball 2-2: Strikes out swinging
|
|
Pitching: RHP David Spangler
|
|
|
Batting: RHB Larry Myers
|
0-0: Called Strike 0-1: Ball 1-1: SINGLE (Line Drive, 9S, EV 102.5 MPH)
|
|
Batting: LHB Ken Westfall
|
0-0: Swinging Strike 0-1: Ball 1-1: Foul Ball, location: 2F 1-2: Strikes out swinging
|
| Bottom of the 7th over - 0 runs, 1 hit, 0 errors, 1 left on base; Colorado 8 - Palm Beach 4 |
| TOP OF THE 8TH |
|
Colorado Avalanche batting - Pitching for Palm Beach Nationals : RHP Ben Lowe
|
|
Batting: RHB Jon Herner
|
0-0: Swinging Strike 0-1: Ball 1-1: Foul Ball, location: 2F 1-2: Strikes out looking
|
|
Batting: RHB Marco Avina
|
0-0: Swinging Strike 0-1: Called Strike 0-2: Foul Ball, location: 2F 0-2: Ball 1-2: Strikes out swinging
|
|
Batting: RHB Aaron Burnet
|
0-0: Ball 1-0: Ball 2-0: Ball 3-0: Called Strike 3-1: Base on Balls
|
|
Batting: LHB Bob Kaufmann
|
0-0: Foul Ball, location: 2F 0-1: Ball 1-1: Ball 2-1: Called Strike 2-2: Ball 3-2: Strikes out looking
|
| Top of the 8th over - 0 runs, 0 hits, 0 errors, 1 left on base; Colorado 8 - Palm Beach 4 |
| BOTTOM OF THE 8TH |
|
Palm Beach Nationals batting - Pitching for Colorado Avalanche : RHP David Spangler
|
|
Batting: LHB Dusty Jones
|
0-0: Ball 1-0: Ground out 6-3 (Groundball, 6, EV 86.2 MPH)
|
|
Batting: LHB Mike Trentham
|
0-0: Ball 1-0: Called Strike 1-1: Ball 2-1: Ground out 6-3 (Groundball, 6, EV 105.6 MPH)
|
|
Batting: RHB Mike Hayes
|
0-0: Ball 1-0: Fly out, F8 (Flyball, 8RD, EV 105.6 MPH)
|
| Bottom of the 8th over - 0 runs, 0 hits, 0 errors, 0 left on base; Colorado 8 - Palm Beach 4 |
| TOP OF THE 9TH |
|
Colorado Avalanche batting - Pitching for Palm Beach Nationals : RHP Ben Lowe
|
|
Batting: SHB Taylor Shelton
|
0-0: Foul Ball, location: 2F 0-1: Ball 1-1: Foul Ball, location: 2F 1-2: Ball 2-2: Ball 3-2: SOLO HOME RUN (Line Drive, 89XD, EV 111.2 MPH), Distance : 444 ft
|
|
Pitching: RHP Steve Mesa
|
|
|
Batting: LHB Tyler Twiss
|
0-0: Called Strike 0-1: SOLO HOME RUN (Line Drive, 89XD, EV 108.8 MPH), Distance : 447 ft
|
|
Batting: RHB Joe Shade
|
0-0: Foul Ball, location: 2F 0-1: Foul Ball, location: 2F 0-2: Ball 1-2: Foul Ball, location: 2F 1-2: Ball 2-2: Ball 3-2: Base on Balls
|
|
Batting: RHB Brent Montagano
|
0-0: Foul Ball, location: 2F 0-1: DOUBLE (Line Drive, 89XD, EV 106.2 MPH) Joe Shade to third Runner from 3rd tries for Home, SAFE, throw by CF to home
|
|
Batting: RHB Mike Chiquete
|
0-0: Ball 1-0: Foul Ball, location: 2F 1-1: Swinging Strike 1-2: Ball 2-2: Foul Ball, location: 2F 2-2: Strikes out swinging
|
|
Batting: RHB Jon Herner
|
0-0: Ball 1-0: Ball 2-0: Ground out 4-3 (Groundball, 34D, EV 88.1 MPH) Brent Montagano to third
|
|
Pitching: RHP Coltyn Forte
|
|
|
Batting: RHB Marco Avina
|
0-0: Ball 1-0: Foul Ball, location: 2F 1-1: SINGLE (Line Drive, 34D, EV 95.0 MPH) Brent Montagano scores
|
|
Batting: RHB Aaron Burnet
|
0-0: Ball 1-0: SINGLE (Line Drive, 34, EV 93.8 MPH) Marco Avina to second Runner from 2nd tries for 3rd, SAFE, throw by RF made to third
|
|
Batting: LHB Bob Kaufmann
|
0-0: Ball 1-0: Ball 2-0: Ground out 4-3 (Groundball, 4, EV 94.4 MPH)
|
| Top of the 9th over - 4 runs, 5 hits, 0 errors, 2 left on base; Colorado 12 - Palm Beach 4 |
| BOTTOM OF THE 9TH |
|
Palm Beach Nationals batting - Pitching for Colorado Avalanche : RHP David Spangler
|
|
Pinch Hitting: RHB Greg Bennett
|
0-0: Ball 1-0: Called Strike 1-1: SINGLE (Groundball, 34D, EV 110.0 MPH)
|
|
Pitching: LHP Danny Sebastian
|
|
|
Pinch Hitting: RHB Vince Parris
|
0-0: Ball 1-0: Called Strike 1-1: Ball 2-1: Foul Ball, location: 2F 2-2: Foul Ball, location: 2F 2-2: Ball 3-2: Base on Balls Greg Bennett to second
|
|
Pinch Hitting: RHB William Torres
|
0-0: Ball 1-0: Ball 2-0: Called Strike 2-1: Reached on error, E5 (Groundball, 56S, EV 81.9 MPH) Greg Bennett to third Vince Parris to second
|
|
Batting: RHB Lou Ortman
|
0-0: Swinging Strike 0-1: Called Strike 0-2: Ball 1-2: Ball 2-2: Strikes out swinging
|
|
Batting: RHB Larry Myers
|
0-0: Called Strike 0-1: Foul Ball, location: 2F 0-2: Ball 1-2: Strikes out swinging
|
|
Pitching: LHP Harley Traynor
|
|
|
Batting: LHB Ken Westfall
|
0-0: Ball 1-0: Ball 2-0: Called Strike 2-1: Ball 3-1: Foul Ball, location: 2F 3-2: Base on Balls Greg Bennett scores Vince Parris to third William Torres to second
|
|
Batting: LHB Dusty Jones
|
0-0: SINGLE (Groundball, 6MD, EV 107.5 MPH) Vince Parris scores William Torres to third Ken Westfall to second
|
|
Batting: LHB Mike Trentham
|
0-0: Called Strike 0-1: Swinging Strike 0-2: Ball 1-2: Strikes out swinging
|
| Bottom of the 9th over - 2 runs, 2 hits, 1 error, 3 left on base; Colorado 12 - Palm Beach 6 |
|